 Dungeon Crawl Stone Soup version bcrawl-1.31.4 (webtiles) character file.

Game seed: 9167152450987257238

134971 Morbidden the Ducker (level 5, -4/34 HPs)
             Began as a Fairy Archaeologist on June 17, 2021.
             Slain by an ogre
             ... wielding a +0 giant club
              (15 damage)
             ... on level 3 of the Dungeon.
             The game lasted 00:03:10 (2298 turns).

Morbidden the Ducker (Fairy Archaeologist)          Turns: 2298, Time: 00:03:10

Health: -4/34      AC:  7    Str:  9    XL:     5   Next: 7%
Magic:  7/7        EV: 18    Int: 18    God:
Gold:   1485       SH:  4    Dex: 11    Spells: 4/4 levels left

rFire    . . .     SeeInvis .   a - +2 dagger (elec)
rCold    . . .     Gourm    .   (shield restricted)
rNeg     . . .     Faith    .   (armour unavailable)
rPois    .         Spirit   .   c - +1 hat
rElec    .         Reflect  .   (no cloak)
rCorr    .         Harm     .   (no gloves)
MR       .....                  d - +1 pair of boots
Stlth    +.........             (no amulet)
HPRegen  0.11/turn              (no ring)
MPRegen  0.10/turn              (no ring)

@: flying evasively
A: small, magic attunement, unstealthy, unfitting armour, able to fly, AC/SH +4
a: Stop Flying


You were on level 3 of the Dungeon.
You were hungry.

You visited 1 branch of the dungeon, and saw 3 of its levels.

You collected 1485 gold pieces.

Inventory:

Hand Weapons
 a - a +2 dagger of electrocution (weapon)
 b - a +2 hunting sling of flaming
 v - a +0 blowgun
Missiles
 h - 2 curare-tipped needles
 w - 231 sling bullets
Armour
 c - a +1 hat (worn)
 d - a +1 pair of boots (worn)
Scrolls
 f - a scroll of magic mapping
 i - 4 scrolls of identify
 m - 2 scrolls of immolation {unknown}
 p - a scroll of noise {unknown}
 q - a scroll of amnesia {unknown}
 s - a scroll of teleportation {unknown}
 t - a scroll of enchant armour {unknown}
 u - a scroll of remove curse {unknown}
Potions
 j - a potion of degeneration {unknown}
 k - a potion of curing {unknown}
 l - a potion of invisibility {unknown}
 n - a potion of might {unknown}
 o - a potion of berserk rage {unknown}
 r - a potion of haste {unknown}
 x - a potion of resistance {unknown}
Comestibles
 e - 6 rations {!d}


   Skills:
 * Level 1.6 Fighting
   Level 1.6 Maces & Flails
 * Level 6.0 Dodging
 + Level 2.9 Stealth


You had 4 spell levels left.
You didn't know any spells.
Your spell library was empty.

Dungeon Overview and Level Annotations

Branches:
Dungeon (3/12)

Altars:
Elyvilon
Nemelex Xobeh


Innate Abilities, Weirdness & Mutations

Your spells do not cause hunger and MP costs are reduced by 1.
Your bright wings attract enemies. (Stealth-)
You cannot fit into any form of body armour.
Your shimmering scales are hard and can block incoming attacks. (AC +4, SH +4)
You are small and have problems with some larger weapons.
You can fly continuously.


Message History

You hit the ogre.
The ogre is lightly wounded.
The ogre completely misses you.
You hit the ogre. Lightning courses through the ogre!
The ogre is severely wounded.
You hit the ogre.
The ogre is almost dead.
The ogre hits you with a +0 giant club!!
Ouch! That really hurt!
* * * LOW HITPOINT WARNING * * *
You are too injured to fight recklessly!
You are too injured to fight recklessly!
You are too injured to fight recklessly!
An ogre is nearby!
You are too injured to fight recklessly!
You see here an adder skeleton.
You hit the ogre.
The ogre is severely wounded.
The ogre hits you with a +0 giant club!
You die...

#.#.# ###
#.#.#########
#...##......)[...#
#........#######.#
#...##.#<# #.# # K#
#.#.# ####.#
.###.#.####....#
.###[#........#.####
...............O@..#
.......#.#.##.#.##.#
####.###....#.#.##.#
####.# ###..#.#.##.#
.....## #..#.#.##.#
.<...[# #..#...##.#
..O...# #..#...##.#
#####.# #..#...##.#
.####..#...##.#


You could see an ogre.

Vanquished Creatures
  Jessica (D:2)
  Ijyb (D:3)
  2 adders (D:3)
  An ooze (D:1)
  A worm (D:2)
  4 dart slugs
  2 giant cockroaches
  8 hobgoblins
  8 kobolds
  A ball python (D:2)
  2 bats (D:1)
  2 frilled lizards
  5 goblins
  6 rats
44 creatures vanquished.

Notes
Turn   | Place    | Note
-------+----------+-------------------------------------------
     0 | D:1      | Morbidden the Fairy Archaeologist began the quest for the
                  | Orb.
     0 | D:1      | Reached XP level 1. HP: 12/12 MP: 3/3
   246 | D:1      | Reached XP level 2. HP: 14/18 MP: 4/4
   534 | D:1      | Reached skill level 1 in Fighting
   558 | D:1      | Reached XP level 3. HP: 21/23 MP: 5/5
   565 | D:1      | Reached skill level 5 in Dodging
   904 | D:2      | Reached skill level 1 in Maces & Flails
  1138 | D:2      | Found a white marble altar of Elyvilon.
  1227 | D:2      | Noticed Jessica
  1233 | D:2      | Killed Jessica
  1234 | D:2      | Reached XP level 4. HP: 28/28 MP: 6/6
  1727 | D:3      | Found a sparkling altar of Nemelex Xobeh.
  2055 | D:3      | Noticed an ogre
  2119 | D:3      | Noticed Ijyb
  2162 | D:3      | Killed Ijyb
  2195 | D:3      | Reached skill level 6 in Dodging
  2195 | D:3      | Reached XP level 5. HP: 22/34 MP: 7/7
  2195 | D:3      | Identified a scroll of acquirement
  2195 | D:3      | Identified the amulet "Ecahis" {Acrobat Dex+7} (You
                  | acquired it on level 3 of the Dungeon)
  2298 | D:3      | Slain by an ogre

Skill      XL: |  1  2  3  4 |
---------------+-------------+-----
Fighting       | 1 |  1.6
Dodging        | 5 6 |  6.0
Maces & Flails | 1 |  1.6
Stealth        | |  2.9

Action                   |  1- 3 |  4- 6 || total
-------------------------+-------+-------++-------
Melee: Whip              |   139 |    92 ||   231
       Dagger            |       |    10 ||    10
       Unarmed           |       |     3 ||     3
 Fire: Blowgun           |       |     4 ||     4
  Use: Potion            |       |     1 ||     1
       Scroll            |       |     1 ||     1
 Stab: Sleeping          |       |     1 ||     1
  Eat: Chunk             |     5 |     6 ||    11
Armor: Skin              |    25 |    22 ||    47
Dodge: Dodged            |   141 |    50 ||   191
Block: Other             |    23 |    22 ||    45
